NWL (28 & UNDER)
MENLO MANIACS @ RED DEER WRANGLERS
04/24/2023
 
TOP OF THE 1ST
Menlo Maniacs batting - Pitching for Red Deer Wranglers : LHP Takayuki Ine
Pitching: LHP Takayuki Ine
Batting: LHB Warren Potter 0-0: Ball
1-0: Foul Ball, location: 2F
1-1: Ball
2-1: Ball
3-1: Base on Balls
Batting: RHB Álex Bustamante 0-0: Ball
1-0: Ball
2-0: Foul Ball, location: 2F
2-1: Ball
3-1: SINGLE (Line Drive, 78M)
Warren Potter to second
Batting: RHB Tom Meyer 0-0: Ball
1-0: Reached on error, E6 (Groundball, 6)
Warren Potter to third
Álex Bustamante to second
Batting: LHB Roger Moore 0-0: Ball
1-0: Ball
2-0: Ball
3-0: Called Strike
3-1: SINGLE (Line Drive, 8RS)
Warren Potter scores
Álex Bustamante to third
Tom Meyer to second
Batting: RHB Jesús Cuevas 0-0: Swinging Strike
0-1: Fly out, F7 (Flyball, 78M)
Runner from 3rd tags up, SCORES, no throw
Batting: LHB Héctor Flores 0-0: Swinging Strike
0-1: Fly out, F8 (Flyball, 8LM)
Batting: LHB Jon Graves 0-0: Fly out, F5 (Popup, 5SF)
Top of the 1st over - 2 run(s), 2 hit(s), 1 error(s), 2 left on base; Menlo 2 - Red Deer 0
BOTTOM OF THE 1ST
Red Deer Wranglers batting - Pitching for Menlo Maniacs : LHP Phil Davis
Pitching: LHP Phil Davis
Batting: RHB Carlos Peña 0-0: Ball
1-0: Ball
2-0: Ball
3-0: Called Strike
3-1: Fly out, F7 (Flyball, 7M)
Batting: RHB John McDonald 0-0: Fly out, F8 (Flyball, 8RM)
Batting: RHB Mike Wilcox 0-0: Ball
1-0: Foul Ball, location: 2F
1-1: SINGLE (Groundball, 56D)
Batting: RHB Mario Sánchez 0-0: Ground out 4-3 (Groundball, 34)
Bottom of the 1st over - 0 run(s), 1 hit(s), 0 error(s), 1 left on base; Menlo 2 - Red Deer 0
TOP OF THE 2ND
Menlo Maniacs batting - Pitching for Red Deer Wranglers : LHP Takayuki Ine
Batting: LHB Alfonso Montoya 0-0: Called Strike
0-1: Ball
1-1: Ground out 5-3 (Groundball, 5S)
Batting: SHB António Trinidad 0-0: Foul Ball, location: 2F
0-1: Ball
1-1: Ball
2-1: Ball
3-1: Called Strike
3-2: Fly out, F4 (Line Drive, 4M)
Batting: LHB Warren Potter 0-0: Called Strike
0-1: Called Strike
0-2: Foul Ball, location: 2F
0-2: Foul Ball, location: 2F
0-2: Foul Ball, location: 2F
0-2: Strikes out looking
Top of the 2nd over - 0 run(s), 0 hit(s), 0 error(s), 0 left on base; Menlo 2 - Red Deer 0
BOTTOM OF THE 2ND
Red Deer Wranglers batting - Pitching for Menlo Maniacs : LHP Phil Davis
Batting: LHB Ricardo Flores 0-0: Ball
1-0: Ball
2-0: Ball
3-0: Called Strike
3-1: Called Strike
3-2: Foul Ball, location: 2F
3-2: Fly out, F9 (Flyball, 89D)
Batting: RHB Orlando Núñes 0-0: Called Strike
0-1: Called Strike
0-2: Ball
1-2: Ball
2-2: Ball
3-2: Base on Balls
Batting: LHB Ron Mayes 0-0: Ball
1-0: Called Strike
1-1: Ball
2-1: Swinging Strike
2-2: Foul Ball, location: 2F
2-2: Strikes out swinging
Batting: LHB Enrico Vargas 0-0: Ball
1-0: Called Strike
1-1: Called Strike
1-2: Ball
Orlando Núñes is caught stealing 2nd base
Bottom of the 2nd over - 0 run(s), 0 hit(s), 0 error(s), 0 left on base; Menlo 2 - Red Deer 0
TOP OF THE 3RD
Menlo Maniacs batting - Pitching for Red Deer Wranglers : LHP Takayuki Ine
Batting: RHB Álex Bustamante 0-0: Ball
1-0: Ball
2-0: Swinging Strike
2-1: Called Strike
2-2: Strikes out looking
Batting: RHB Tom Meyer 0-0: Called Strike
0-1: Ball
1-1: Ball
2-1: Ball
3-1: Base on Balls
Batting: LHB Roger Moore 0-0: Ball
1-0: Called Strike
1-1: Ball
2-1: Called Strike
2-2: Foul Ball, location: 2F
2-2: SINGLE (Groundball, 5D)
Tom Meyer to second
Batting: RHB Jesús Cuevas 0-0: Ball
1-0: Fly out, F9 (Flyball, 89M)
Runner from 2nd tags up, OUT at 3rd
Top of the 3rd over - 0 run(s), 1 hit(s), 0 error(s), 1 left on base; Menlo 2 - Red Deer 0
BOTTOM OF THE 3RD
Red Deer Wranglers batting - Pitching for Menlo Maniacs : LHP Phil Davis
Batting: LHB Enrico Vargas 0-0: Called Strike
0-1: Ball
1-1: Ball
2-1: Ball
3-1: Foul Ball, location: 2F
3-2: Reached on error, E4 (Groundball, 34)
Batting: SHB José López 0-0: Ball
1-0: Ball
2-0: Swinging Strike
2-1: SINGLE (Flyball, 8LS)
Enrico Vargas to second
Batting: RHB Carlos Peña 0-0: Foul Ball, location: 2F
0-1: Foul Ball, location: 2F
0-2: Strikes out swinging
Batting: RHB John McDonald 0-0: Foul Ball, location: 2F
0-1: Swinging Strike
0-2: Ground out 4-3 (Groundball, 4S)
Enrico Vargas to third
José López to second
Batting: RHB Mike Wilcox 0-0: Ball
1-0: Called Strike
1-1: Ball
2-1: Ball
3-1: Foul Ball, location: 2F
3-2: Base on Balls
Batting: RHB Mario Sánchez 0-0: Called Strike
0-1: Called Strike
0-2: Ball
1-2: Ball
Wild Pitch!
Enrico Vargas scores
José López to third
Mike Wilcox to second
2-2: Ball
3-2: Foul Ball, location: 2F
3-2: Base on Balls
Batting: LHB Ricardo Flores 0-0: Called Strike
0-1: Fielders Choice at 2nd, U4 (Groundball, 4M)
Bottom of the 3rd over - 1 run(s), 1 hit(s), 1 error(s), 3 left on base; Menlo 2 - Red Deer 1
TOP OF THE 4TH
Menlo Maniacs batting - Pitching for Red Deer Wranglers : LHP Takayuki Ine
Batting: LHB Héctor Flores 0-0: Ball
1-0: Swinging Strike
1-1: SINGLE (Groundball, 34D) (infield hit)
Batting: LHB Jon Graves 0-0: Called Strike
0-1: Ball
1-1: Swinging Strike
1-2: Fly out, F9 (Flyball, 9M)
Batting: LHB Alfonso Montoya 0-0: Ball
1-0: Fly out, F7 (Flyball, 7D)
Batting: SHB António Trinidad 0-0: Ball
1-0: Ball
2-0: Ground out 5-3 (Groundball, 5L)
Top of the 4th over - 0 run(s), 1 hit(s), 0 error(s), 1 left on base; Menlo 2 - Red Deer 1
BOTTOM OF THE 4TH
Red Deer Wranglers batting - Pitching for Menlo Maniacs : LHP Phil Davis
Batting: RHB Orlando Núñes 0-0: Swinging Strike
0-1: Foul Ball, location: 2F
0-2: Strikes out swinging
Batting: LHB Ron Mayes 0-0: SINGLE (Line Drive, 5D)
Batting: LHB Enrico Vargas 0-0: Called Strike
0-1: Ball
1-1: Ball
2-1: Ground out 4-3 (Groundball, 4M)
Ron Mayes to second
Batting: SHB José López 0-0: Fly out, F8 (Flyball, 8LD)
Bottom of the 4th over - 0 run(s), 1 hit(s), 0 error(s), 1 left on base; Menlo 2 - Red Deer 1
TOP OF THE 5TH
Menlo Maniacs batting - Pitching for Red Deer Wranglers : LHP Takayuki Ine
Batting: LHB Warren Potter 0-0: Ball
1-0: Ball
2-0: SINGLE (Line Drive, 4D)
Batting: RHB Álex Bustamante 0-0: Ground out U3 (Groundball, 3)
Warren Potter to second
Batting: RHB Tom Meyer 0-0: Ball
1-0: Foul Ball, location: 2F
1-1: Called Strike
1-2: Ball
2-2: Fly out, F4 (Popup, 3DF)
Batting: LHB Roger Moore 0-0: Called Strike
0-1: Ball
1-1: Ball
2-1: Called Strike
2-2: DOUBLE (Flyball, 9LS)
Warren Potter scores
Batting: RHB Jesús Cuevas 0-0: Called Strike
0-1: Ball
1-1: Ball
2-1: Foul Ball, location: 2F
2-2: Fly out, F7 (Line Drive, 78M)
Top of the 5th over - 1 run(s), 2 hit(s), 0 error(s), 1 left on base; Menlo 3 - Red Deer 1
BOTTOM OF THE 5TH
Red Deer Wranglers batting - Pitching for Menlo Maniacs : LHP Phil Davis
Batting: RHB Carlos Peña 0-0: Fly out, F3 (Popup, 3F)
Batting: RHB John McDonald 0-0: Ball
1-0: Called Strike
1-1: Fly out, F9 (Flyball, 9M)
Batting: RHB Mike Wilcox 0-0: Ball
1-0: Ball
2-0: Foul Ball, location: 2F
2-1: Swinging Strike
2-2: Strikes out swinging
Bottom of the 5th over - 0 run(s), 0 hit(s), 0 error(s), 0 left on base; Menlo 3 - Red Deer 1
TOP OF THE 6TH
Menlo Maniacs batting - Pitching for Red Deer Wranglers : LHP Takayuki Ine
Batting: LHB Héctor Flores 0-0: Ball
1-0: Called Strike
1-1: Ground out 4-3 (Groundball, 4M)
Batting: LHB Jon Graves 0-0: Fly out, F8 (Flyball, 8RM)
Batting: LHB Alfonso Montoya 0-0: Swinging Strike
0-1: Ground out U3 (Groundball, 3)
Top of the 6th over - 0 run(s), 0 hit(s), 0 error(s), 0 left on base; Menlo 3 - Red Deer 1
BOTTOM OF THE 6TH
Red Deer Wranglers batting - Pitching for Menlo Maniacs : LHP Phil Davis
Pitching: RHP Manny Márquez
Batting: RHB Mario Sánchez 0-0: Ball
1-0: Called Strike
1-1: Ball
2-1: Ball
3-1: Base on Balls
Batting: LHB Ricardo Flores 0-0: Ball
1-0: Swinging Strike
1-1: Swinging Strike
1-2: Foul Ball, location: 2F
1-2: Foul Ball, location: 2F
1-2: Strikes out swinging
Batting: RHB Orlando Núñes 0-0: Called Strike
0-1: Ball
1-1: Ball
2-1: Grounds into double play, 5-4-3 (Groundball, 5L)
Bottom of the 6th over - 0 run(s), 0 hit(s), 0 error(s), 0 left on base; Menlo 3 - Red Deer 1
TOP OF THE 7TH
Menlo Maniacs batting - Pitching for Red Deer Wranglers : LHP Takayuki Ine
Pitching: RHP Pedro Leal
Batting: SHB António Trinidad 0-0: Called Strike
0-1: Ball
1-1: Swinging Strike
1-2: Ball
2-2: Foul Ball, location: 2F
2-2: Foul Ball, location: 2F
2-2: SINGLE (Line Drive, 89M)
Batting: LHB Warren Potter 0-0: Ball
1-0: Sac Bunt - play at first, batter OUT! 1-4
António Trinidad to second
Batting: RHB Álex Bustamante 0-0: Called Strike
0-1: Ball
1-1: Called Strike
1-2: Ball
2-2: Strikes out swinging
Batting: RHB Tom Meyer 0-0: Ground out 5-3 (Groundball, 5)
Top of the 7th over - 0 run(s), 1 hit(s), 0 error(s), 1 left on base; Menlo 3 - Red Deer 1
BOTTOM OF THE 7TH
Red Deer Wranglers batting - Pitching for Menlo Maniacs : RHP Manny Márquez
Batting: LHB Ron Mayes 0-0: Called Strike
0-1: Fly out, F8 (Flyball, 8RM)
Batting: LHB Enrico Vargas 0-0: Called Strike
0-1: Ball
1-1: Ball
2-1: Swinging Strike
2-2: Foul Ball, location: 2F
2-2: Foul Ball, location: 2F
2-2: Ball
3-2: Foul Ball, location: 2F
3-2: Fly out, F8 (Line Drive, 8LD)
Batting: SHB José López 0-0: Called Strike
0-1: Ball
1-1: Foul Ball, location: 2F
1-2: Ball
2-2: Fly out, F8 (Flyball, 8LD)
Bottom of the 7th over - 0 run(s), 0 hit(s), 0 error(s), 0 left on base; Menlo 3 - Red Deer 1
TOP OF THE 8TH
Menlo Maniacs batting - Pitching for Red Deer Wranglers : RHP Pedro Leal
Batting: LHB Roger Moore 0-0: Called Strike
0-1: Swinging Strike
0-2: Foul Ball, location: 2F
0-2: Ball
1-2: Ball
2-2: Ball
3-2: Base on Balls
Batting: RHB Jesús Cuevas 0-0: Called Strike
0-1: Ball
1-1: Ball
2-1: Grounds into double play, 6-4-3 (Groundball, 6)
Batting: LHB Héctor Flores 0-0: Ball
1-0: Ball
2-0: Ball
3-0: Base on Balls
Batting: LHB Jon Graves 0-0: Called Strike
0-1: Ball
1-1: Ball
2-1: Foul Ball, location: 2F
2-2: Ball
3-2: Strikes out looking
Top of the 8th over - 0 run(s), 0 hit(s), 0 error(s), 1 left on base; Menlo 3 - Red Deer 1
BOTTOM OF THE 8TH
Red Deer Wranglers batting - Pitching for Menlo Maniacs : RHP Manny Márquez
Pitching: RHP Lúcio Solano
Batting: RHB Carlos Peña 0-0: Ball
1-0: Called Strike
1-1: Ball
2-1: Ground out 5-3 (Groundball, 5S)
Batting: RHB John McDonald 0-0: Ball
1-0: Called Strike
1-1: Swinging Strike
1-2: Strikes out swinging
Batting: RHB Mike Wilcox 0-0: Fly out, F9 (Flyball, 89M)
Bottom of the 8th over - 0 run(s), 0 hit(s), 0 error(s), 0 left on base; Menlo 3 - Red Deer 1
TOP OF THE 9TH
Menlo Maniacs batting - Pitching for Red Deer Wranglers : RHP Pedro Leal
Batting: LHB Alfonso Montoya 0-0: Ground out 6-3 (Groundball, 6M)
Batting: SHB António Trinidad 0-0: Ball
1-0: Ball
2-0: Swinging Strike
2-1: Ball
3-1: Foul Ball, location: 2F
3-2: Foul Ball, location: 2F
3-2: Base on Balls
Pitching: RHP Russell Cooper
Batting: LHB Warren Potter 0-0: Ball
1-0: Ball
2-0: Called Strike
2-1: Foul Ball, location: 2F
2-2: Strikes out looking
Batting: RHB Álex Bustamante 0-0: SINGLE (Groundball, 25) (infield hit)
António Trinidad to second
Pitching: RHP Tatsuzo Harada
Batting: RHB Tom Meyer 0-0: Called Strike
0-1: Called Strike
0-2: Strikes out swinging
Top of the 9th over - 0 run(s), 1 hit(s), 0 error(s), 2 left on base; Menlo 3 - Red Deer 1
BOTTOM OF THE 9TH
Red Deer Wranglers batting - Pitching for Menlo Maniacs : RHP Lúcio Solano
Pitching: RHP Dan Wilson
Batting: RHB Mario Sánchez 0-0: Swinging Strike
0-1: Called Strike
0-2: Strikes out swinging
Batting: LHB Ricardo Flores 0-0: Ground out 4-3 (Groundball, 4)
Batting: RHB Orlando Núñes 0-0: Called Strike
0-1: Swinging Strike
0-2: Foul Ball, location: 2F
0-2: Strikes out swinging
Bottom of the 9th over - 0 run(s), 0 hit(s), 0 error(s), 0 left on base; Menlo 3 - Red Deer 1
This league is powered by Out of the Park Baseball, the baseball management simulation game for PC, Mac and Linux
Wednesday, December 2nd, 2015 - OOTP Baseball 16.8 Build 38